 Dungeon Crawl Stone Soup version 0.27-a0-1090-gb115f176c6 (webtiles) character file.

Game seed: 4143785426281686471

211 senseless the Magician (level 5, 0/35 HPs)
             Began as a Djinni Fire Elementalist on Apr 27, 2021.
             Was a Follower of Makhleb.
             Slain by a scorpion (8 damage)
             ... on level 4 of the Dungeon.
             The game lasted 00:15:57 (4765 turns).

senseless the Magician (Djinni Fire Elementalist)   Turns: 4765, Time: 00:15:57

Health: 0/35       AC:  5    Str:  7    XL:     5   Next: 88%
Gold:   150        EV: 13    Int: 16    God:    Makhleb [*.....] SH:  0 Dex: 15

rFire    + + +     SeeInvis .   (no weapon)
rCold    x . .     Faith    +   (no shield)
rNeg     . . .     Spirit   .   i - +2 robe {rF+}
rPois    ∞         Reflect  .   (no helmet)
rElec    .         Harm     .   (no cloak)
rCorr    .         Rampage  .   n - +0 pair of gloves
Will     .....                  (boots unavailable)
Stlth    ++........             k - amulet of faith
HPRegen  0.11/turn              h - ring of protection from fire
MPRegen  0.00/turn              (no ring)

@: flying
A: fire resistance 2, cold vulnerability 1, float, innate caster, hp casting,
extra vitality 1
a: Renounce Religion


You were on level 4 of the Dungeon.
You worshipped Makhleb.
Makhleb was aware of your devotion.
You visited 1 branch of the dungeon, and saw 4 of its levels.

You collected 150 gold pieces.

Inventory:

Armour
 a - a +0 robe
 i - a +2 robe of fire resistance (worn)
 n - a +0 pair of gloves (worn)
Jewellery
 h - a ring of protection from fire (left hand)
 k - an amulet of faith (around neck)
Scrolls
 c - a scroll of enchant weapon
 d - 3 scrolls of teleportation
 e - a scroll of fog
 m - a scroll of magic mapping
Potions
 b - a potion of might
 l - a potion of heal wounds
 o - 2 potions of haste


   Skills:
 + Level 0.1 Fighting
 + Level 2.7 Dodging
 + Level 2.2 Stealth
 + Level 0.1 Unarmed Combat
 + Level 5.0 Spellcasting


You couldn't memorise any spells.
You knew the following spells:

 Your Spells              Type           Power      Damage    Failure   Level
a - Foxfire               Conj/Fire      80%        2x1d8     1%          1
b - Conjure Flame         Conj/Fire      20%        6-21      6%          3
c - Inner Flame           Hex/Fire       20%        N/A       6%          3
d - Sticky Flame          Conj/Fire      20%        2d4       19%         4
e - Fireball              Conj/Fire      10%        3d6       47%         5
f - Animate Skeleton      Necr           40%        N/A       1%          1
g - Static Discharge      Conj/Air       20%        N/A       3%          2
Your spell library was empty.

Dungeon Overview and Level Annotations

Branches:
Dungeon (4/15)
 Temple: D:4-7

Altars:
Makhleb

Shops:
D:3 ?


Innate Abilities, Weirdness & Mutations

You are immune to poison.
Your flesh is very heat resistant. (rF++)
You are vulnerable to cold. (rC-)
You float through the air rather than walking.
You learn spells naturally, not from books.
Your magical power is your life essence.
You have superior vitality. (+4 HP)


Message History

There is not enough space to conjure foxfire!
Unknown command.
Casting: Foxfire (safe; 1% risk of failure)
Confirm with . or Enter, or press ? or * to list all spells.
There is not enough space to conjure foxfire!
Unknown command.
Your foxfire dissipates!
The foxfire hits the scorpion but does no damage.
The scorpion is heavily wounded.
The scorpion closely misses you.
Casting: Foxfire (safe; 1% risk of failure)
Confirm with . or Enter, or press ? or * to list all spells.
You conjure some foxfire!
The scorpion stings you.
Your foxfire dissipates!
Casting: Foxfire (safe; 1% risk of failure)
Confirm with . or Enter, or press ? or * to list all spells.
You conjure some foxfire!
The scorpion stings you!
Your foxfire dissipates!
The foxfire hits the scorpion.
The scorpion is severely wounded.
The scorpion misses you.
Casting: Foxfire (safe; 1% risk of failure)
Confirm with . or Enter, or press ? or * to list all spells.
You conjure some foxfire!
The scorpion closely misses you.
Your foxfire dissipates!
Casting: Foxfire (safe; 1% risk of failure)
Confirm with . or Enter, or press ? or * to list all spells.
You conjure some foxfire!
The scorpion stings you.
Your foxfire dissipates!
Casting: Foxfire (safe; 1% risk of failure)
Confirm with . or Enter, or press ? or * to list all spells.
You conjure some foxfire!
The scorpion stings you.
* * * LOW HITPOINT WARNING * * *
Your foxfire dissipates!
Casting: Foxfire (safe; 1% risk of failure)
Confirm with . or Enter, or press ? or * to list all spells.
You conjure some foxfire!
* * * LOW HITPOINT WARNING * * *
The scorpion stings you!
You die...

#########
#...Ss@v#
#.#######
#.# #.#
#..(.....
...####+#
###.# .#
.#


You could see a scorpion (ally target) and an adder.

Vanquished Creatures
  A scorpion (D:3)
  A bullfrog skeleton (D:3)
  2 adders
  A worm (D:3)
  A dart slug (D:1)
  6 orcs (D:3)
  12 endoplasms
  4 giant cockroaches
  8 goblins
  7 hobgoblins
  10 jackals
  6 quokkas
  3 ball pythons
  7 bats
  6 frilled lizards
  5 kobolds
  6 rats
86 creatures vanquished.

Vanquished Creatures (others)
  265 foxfires
265 creatures vanquished.

Grand Total: 351 creatures vanquished

Notes
Turn   | Place    | Note
-------+----------+-------------------------------------------
     0 | D:1      | senseless the Djinni Fire Elementalist began the quest for
                  | the Orb.
     0 | D:1      | Reached XP level 1. HP: 15/15 MP: 0/0
   329 | D:1      | Reached skill level 3 in Spellcasting
   329 | D:1      | Reached XP level 2. HP: 20/21 MP: 0/0
   777 | D:1      | Reached XP level 3. HP: 23/25 MP: 0/0
   777 | D:1      | Learned a level 1 spell: Animate Skeleton
  1678 | D:2      | Found a burning altar of Makhleb.
  1686 | D:2      | Became a worshipper of Makhleb the Destroyer
  1850 | D:2      | Found a faded altar of an unknown god.
  2379 | D:2      | Reached XP level 4. HP: 29/31 MP: 0/0
  2538 | D:2      | Reached skill level 4 in Spellcasting
  3480 | D:3      | Reached XP level 5. HP: 35/35 MP: 0/0
  3480 | D:3      | Learned a level 2 spell: Static Discharge
  3699 | D:3      | Found Beicobri's Magic Scroll Emporium.
  3989 | D:3      | Reached * piety under Makhleb
  4139 | D:3      | Reached skill level 5 in Spellcasting
  4765 | D:4      | Slain by a scorpion

Illustrated notes

Levels and vault maps discovered:
D:1:      minmay_arrival_split_and_join, layout_basic, minmay_vboxes
D:2:      layout_rooms, hellmonk_ecumenical_altar_crossroads,
          serial_co_window_serial, co_window_paths_a, co_window_corner_a,
          co_window_corner_a, co_window_of_opportunity_a, co_window_paths_b,
          co_window_cross_4, co_window_broadway_c, co_window_broadway_c,
          co_window_broadway_c, co_window_4corner_b, basic_altar, minmay_tall_x
D:3:      layout_loops_ring, serial_shops, shop
D:4:      minmay_general_purpose_star, layout_basic, lemuel_doored_altar,
          jmf_multi_god_temple, minmay_temple_entry_butterflies, serial_shops,
          kennysheep_little_box, minmay_misc_feat_rows, kennysheep_potato

Skill      XL: |  1  2  3  4  5 |
---------------+----------------+-----
Spellcasting   | 3 4 5 |  5.0
Stealth        | 2 |  2.2
Fighting       | |  0.1
Dodging        | |  2.7
Unarmed Combat | |  0.1

Action                   |  1- 3 |  4- 6 || total
-------------------------+-------+-------++-------
Melee: Unarmed           |     3 |     3 ||     6
 Cast: Foxfire           |    87 |   107 ||   194
  Use: Scroll            |       |     8 ||     8
Armor: Robe              |     2 |     7 ||     9
Dodge: Dodged            |     7 |    23 ||    30

Table legend: (Time is in decaauts)
 A = Elapsed time spent in this place.
 B = Non-inter-level travel time spent in this place.
 C = Inter-level travel time spent in this place.
 D = Time resting spent in this place.
 E = Time spent auto-exploring this place.
 F = Levels seen in this place.
 G = Mean time per level.
                   A        B        C        D        E       F      G
               +--------+--------+--------+--------+--------+-----+--------+
         Total |   4763 |   4564 |    199 |      9 |   4030 |   4 | 1190.8 |
       Dungeon |   4763 |   4564 |    199 |      9 |   4030 |   4 | 1190.8 |
               +--------+--------+--------+--------+--------+-----+--------+

Top non-repeatable levels by time:
     D:3: 1825 daAuts
     D:1: 1484 daAuts
     D:2: 1426 daAuts
     D:4: 28 daAuts
